Map: New Repugnancy LE

Players

LiquidTLO (TLO)

  • Race: Zerg Zerg
  • League: Grandmaster
  • Spawn Location: 7:00

liquidthermy (uThermal) - Winner!

  • Race: Terran Terran
  • Spawn Location: 1:00

Event: HomeStory Cup XIX

VOD

Have the link to the VOD?

Description

Time

  • Played on: June 27, 2019, 3:39 p.m.
  • Length: 10:30

All games in this series

Show
View Real Time Build Order
Export as new Build Order

LiquidTLO Zerg 

Build Orders: Hatch First 

Get SALT Encoding   

  12  0:00  Drone  
  13  0:12  Overlord  
  13  0:17  Drone  
  14  0:30  Drone  
  14  0:32  Drone  
  14  0:35  Drone  
  17  0:51  Hatchery  
  17  0:55  Drone  
  17  0:57  Drone  
  18  1:05  Extractor  
  17  1:12  Spawning Pool  
  17  1:16  Drone  
  17  1:20  Drone  
  18  1:28  Drone  
  19  1:39  Drone  
  20  1:49  Overlord  
  20  1:59  Queen  
  22  2:02  Queen  
  22  2:07  Metabolic Boost, Spine Crawler  
  23  2:10  Zergling x2  
  23  2:13  Zergling x2  
  25  2:16  Drone  
  25  2:19  Drone  
  28  2:22  Zergling x2  
  28  2:26  Zergling x2  
  29  2:34  Drone  
  29  2:39  Queen  
  31  2:47  Queen  
  33  2:55  Drone  
  33  2:57  Overlord  
  34  3:00  Drone  
  35  3:08  Drone, Evolution Chamber  
  35  3:09  Drone  
  36  3:18  Drone x2  
  36  3:19  Drone  
  39  3:20  Drone  
  39  3:26  Zergling x2  
  40  3:34  Zerg Ground Armor Level 1  
  40  3:36  Zergling x2  
  40  3:37  Zergling x2  
  40  3:41  Zergling x2  
  43  3:48  Hatchery  
  43  3:50  Drone  
  43  3:55  Overlord  
  43  4:00  Overlord  
  43  4:15  Zergling x6  
  43  4:16  Zergling x2  
  47  4:18  Drone, Hatchery  
  47  4:21  Drone x2  
  49  4:27  Drone  
  49  4:29  Drone  
  51  4:32  Extractor  
  51  4:33  Zergling x2  
  51  4:37  Drone  
  51  4:38  Queen  
  52  4:39  Extractor  
  52  4:45  Drone  
  54  4:48  Drone x3  
  54  4:49  Drone  
  54  4:51  Drone  
  59  4:53  Overlord x2  
  59  5:01  Lair  
  59  5:11  Baneling Nest  
  59  5:12  Drone x6  
  64  5:14  Zergling x2  
  64  5:19  Zergling x4  
  67  5:22  Drone  
  67  5:23  Overlord  
  68  5:30  Zergling x2  
  68  5:33  Zergling x2  
  68  5:34  Zergling x2  
  71  5:37  Zerg Melee Weapons Level 1  
  71  5:39  Drone  
  71  5:40  Zergling x2  
  71  5:41  Zergling x4  
  75  5:43  Zergling x4  
  75  5:45  Zergling x2  
  78  5:52  Zergling x2  
  78  5:53  Drone x2  
  78  5:56  Baneling x2  
  81  5:57  Baneling x2  
  81  5:59  Centrifical Hooks  
  81  6:00  Drone  
  81  6:01  Drone  
  83  6:05  Zergling x2  
  83  6:09  Zergling x2  
  85  6:18  Zergling x4  
  74  6:19  Zergling x4  
  74  6:20  Drone  
  74  6:25  Drone x5  
  81  6:30  Hydralisk Den, Zergling x2  
  81  6:31  Evolution Chamber  
  80  6:35  Zergling x2  
  80  6:44  Zergling x2  
  80  6:45  Zergling x2, Hatchery  
  80  6:46  Zergling x2  
  80  6:47  Zergling x4  
  80  6:49  Drone  
  75  6:55  Overlord  
  75  6:56  Overlord  
  75  7:01  Drone, Grooved Spines  
  74  7:02  Drone x4  
  74  7:03  Drone, Extractor  
  74  7:07  Baneling x9  
  74  7:08  Overlord  
  78  7:09  Drone  
  78  7:11  Hydralisk  
  81  7:16  Zergling x8  
  81  7:21  Zerg Ground Armor Level 2  
  85  7:24  Drone  
  85  7:28  Hydralisk x2  
  90  7:33  Zergling x8  
  90  7:35  Drone  
  92  7:39  Extractor x2  
  92  7:40  Drone x3  
  92  7:42  Drone  
  92  7:43  Drone  
  95  7:46  Hydralisk  
  94  7:51  Zergling x2  
  94  7:52  Zergling x2  
  94  7:53  Hydralisk  
  94  7:56  Zerg Melee Weapons Level 2  
  96  8:00  Drone x2  
  96  8:01  Drone  
  96  8:04  Burrow  
  96  8:05  Zergling x2  
  100  8:07  Zergling x4  
  100  8:10  Zergling x2  
  100  8:12  Muscular Augments  
  103  8:15  Zergling x2  
  103  8:17  Zergling x2  
  103  8:18  Zergling x2, Overlord  
  106  8:20  Overlord  
  106  8:23  Zergling x6  
  109  8:27  Drone  
  109  8:29  Drone x2  
  109  8:31  Overlord  
  109  8:32  Overlord  
  112  8:37  Zergling x2  
  112  8:39  Zergling x10  
  106  8:43  Zergling x2  
  106  8:44  Zergling x6  
  108  8:49  Baneling x7  
  108  8:51  Hydralisk  
  108  8:53  Zergling x2  
  108  8:54  Hydralisk  
  113  9:00  Baneling  
  113  9:01  Baneling x2, Hydralisk x2  
  113  9:02  Zergling x2  
  118  9:05  Zergling x8  
  122  9:14  Zergling x12  
  128  9:17  Spore Crawler  
  128  9:18  Spore Crawler  
  128  9:19  Hydralisk  
  128  9:24  Zergling x2  
  128  9:27  Zergling x2  
  128  9:28  Zergling x2  
  128  9:29  Zergling x2  
  118  9:31  Zergling x4  
  118  9:32  Zergling x2  
  118  9:33  Zergling x2  
  118  9:35  Hydralisk x2  
  118  9:36  Hydralisk x2  
  126  9:39  Hydralisk  
  126  9:40  Zergling x2  
  126  9:43  Zergling x2  
  114  9:47  Zergling x2  
  114  9:50  Zergling x2  
  114  9:52  Zergling x2  
  105  9:59  Hydralisk  
  98  10:00  Zergling x2  
  98  10:01  Zergling x10  
  98  10:03  Hydralisk x3  
  98  10:05  Zergling x2  
  98  10:06  Infestation Pit  
  112  10:08  Zergling x6  
  112  10:11  Baneling x2  
Show
View Real Time Build Order
Export as new Build Order

liquidthermy Terran - Winner!

Build Orders:  

Get SALT Encoding   

  12  0:01  SCV  
  13  0:13  SCV  
  14  0:20  Supply Depot  
  14  0:25  SCV  
  15  0:42  SCV  
  16  0:43  Barracks  
  16  0:45  Refinery  
  16  0:54  SCV  
  17  1:01  Barracks  
  17  1:06  SCV  
  18  1:20  SCV  
  19  1:30  Reaper  
  19  1:32  Orbital Command  
  20  1:36  Barracks  
  20  1:42  Refinery  
  20  1:48  Reaper  
  20  1:53  Supply Depot  
  21  1:57  SCV  
  22  2:04  Reaper  
  23  2:14  SCV  
  24  2:20  Reaper, Supply Depot  
  25  2:25  Reaper  
  25  2:27  SCV  
  27  2:36  Reaper  
  27  2:48  SCV  
  28  2:52  Reaper  
  28  2:55  Command Center  
  29  3:00  SCV  
  29  3:01  Reaper  
  31  3:08  Reaper  
  31  3:11  Engineering Bay  
  32  3:15  SCV  
  33  3:27  SCV  
  33  3:30  Factory  
  35  3:36  Barracks Tech Lab  
  35  3:39  SCV  
  36  3:43  Marine  
  36  3:44  Marine  
  37  3:51  SCV  
  38  3:56  Stimpack, Marine  
  38  4:01  Terran Infantry Weapons Level 1  
  39  4:06  Marine x2, SCV  
  42  4:10  Orbital Command  
  42  4:14  Marine  
  43  4:18  SCV  
  43  4:20  Starport  
  43  4:24  Marine x2  
  44  4:28  Factory Reactor  
  46  4:32  Marine  
  46  4:33  SCV, Supply Depot  
  46  4:35  SCV  
  49  4:42  Marine x2  
  49  4:45  SCV  
  52  4:49  Marine, Supply Depot  
  54  4:52  SCV  
  54  4:57  SCV  
  54  4:59  Marine  
  55  5:01  Marine  
  55  5:05  SCV  
  58  5:07  Medivac  
  58  5:08  Medivac  
  58  5:10  Marine  
  58  5:11  SCV, Supply Depot  
  64  5:17  Marine, SCV  
  66  5:22  Marine  
  66  5:23  SCV  
  68  5:30  Command Center  
  68  5:31  SCV  
  69  5:35  SCV  
  69  5:36  Factory Tech Lab  
  70  5:45  Barracks Reactor  
  70  5:46  Barracks Reactor  
  70  5:49  Refinery x2, SCV x2  
  72  5:52  Marine  
  72  5:56  Terran Infantry Armor Level 1  
  73  6:01  SCV x2  
  73  6:03  Barracks  
  75  6:04  Barracks  
  75  6:10  Marine  
  76  6:13  SCV x2  
  68  6:22  Siege Tank  
  68  6:25  SCV  
  66  6:26  Marine x4  
  66  6:28  Marine  
  66  6:29  SCV  
  72  6:37  SCV  
  73  6:41  SCV  
  73  6:42  Orbital Command  
  73  6:44  Marine x4  
  73  6:46  Marine  
  68  6:49  SCV  
  68  6:51  Marine  
  68  6:53  SCV  
  72  6:54  Siege Tank  
  73  7:01  SCV  
  73  7:02  Marine x4  
  73  7:03  Marine  
  73  7:05  SCV  
  80  7:09  Orbital Command  
  80  7:11  Combat Shield, Barracks Reactor x2  
  80  7:14  SCV  
  80  7:15  Medivac  
  82  7:17  SCV  
  82  7:18  Medivac  
  82  7:19  Marine  
  82  7:20  Marine  
  87  7:24  Supply Depot  
  87  7:25  Marine  
  87  7:26  SCV  
  89  7:30  Marine, SCV  
  89  7:35  Marine, SCV  
  92  7:37  Marine  
  92  7:41  Supply Depot  
  92  7:42  Supply Depot  
  93  7:46  Engineering Bay, Armory, SCV x2  
  93  7:47  SCV  
  93  7:48  Marine x2  
  98  7:54  Marine x3  
  98  7:55  Marine x2  
  98  7:58  SCV  
  101  8:02  Marine x2, SCV x2  
  101  8:03  Medivac  
  107  8:06  Supply Depot  
  107  8:08  Supply Depot, Medivac  
  107  8:10  Siege Tank, SCV  
  107  8:11  Marine  
  114  8:14  Marine x2, SCV  
  117  8:20  Supply Depot  
  117  8:27  Supply Depot  
  117  8:28  Marine x6, SCV, Supply Depot  
  117  8:30  Marine  
  125  8:38  Marine x2  
  125  8:46  Marine x4  
  125  8:47  Siege Tank  
  130  8:49  Marine x3  
  130  8:52  Missile Turret, SCV  
  134  8:56  Marine x2  
  134  9:01  Medivac  
  138  9:03  Marine x4  
  138  9:04  Supply Depot  
  138  9:06  Marine  
  138  9:07  Marine x2  
  145  9:10  Medivac  
  145  9:13  Marine  
  145  9:14  Marine  
  149  9:25  Marine  
  149  9:26  Marine x6  
  149  9:31  Marine x2, Medivac  
  155  9:42  Marine  
  155  9:43  Siege Tank, Marine x6  
  155  9:49  Marine x2, Supply Depot  
  84  9:52  Medivac  
  138  10:00  Marine  
  138  10:01  Marine x6  
  138  10:06  Command Center  
  147  10:07  Marine x2  
Tags
 
Add a new tag
Caveats
  • Supply blocks, unpowered buildings, or Contaminate may cause inaccurate times.
  • Supply counts are checked every 10 seconds.